 Dungeon Crawl Stone Soup version 0.18-a0-1312-gf98331d (webtiles) character file.

922 Oddball22 the Insei (level 7, -2/48 HPs)
             Began as a Demonspawn Transmuter on Feb 14, 2016.
             Slain by a wyvern zombie (17 damage)
             ... on level 6 of the Dungeon.
             The game lasted 00:11:55 (5335 turns).

Oddball22 the Insei (Demonspawn Transmuter)         Turns: 5335, Time: 00:11:55

Health: -2/48      AC:  9    Str: 11    XL:     7   Next: 84%
Magic:  9/10       EV: 14    Int: 14    God:
Gold:   244        SH:  0    Dex: 15    Spells: 3 memorised, 4 levels left

rFire  . . .     SeeInvis .       - Unarmed
rCold  . . .     Gourm    .     x - +0 robe (curse)
rNeg   . . .     Faith    .     (no shield)
rPois  .         Spirit   .     (no helmet)
rElec  .         Dismiss  .     h - +0 cloak
rCorr  .         Reflect  .     (no gloves)
SustAt .         Harm     +     (no boots)
MR     .....                    n - amulet of harm
Stlth  +.........               (no ring)
                                (no ring)

@: very slightly contaminated, not resistant to hostile enchantments, very
unstealthy
A: hooves 2, iridescent scales 2, demonic guardian 1
a: no special abilities


You were on level 6 of the Dungeon.
You were not hungry.

You visited 1 branch of the dungeon, and saw 6 of its levels.

You collected 244 gold pieces.

Inventory:

Hand Weapons
 D - a +2 hand axe of venom
Missiles
 a - 126 arrows
 p - 55 bolts
Armour
 h - a +0 cloak (worn)
 v - a +2 hat
 x - a cursed +0 robe (worn)
Jewellery
 n - an amulet of harm (around neck)
Wands
 b - a wand of acid (2/15)
 f - a wand of heal wounds (4/9)
 u - a wand of paralysis (15/24)
 A - a wand of acid (6/15)
Scrolls
 e - 4 scrolls of identify {unknown}
 g - 2 scrolls of enchant weapon {unknown}
 i - 2 scrolls of magic mapping {unknown}
 m - 5 scrolls of fear {unknown}
 r - a scroll of noise {unknown}
 s - a scroll of amnesia {unknown}
 t - a scroll of immolation {unknown}
 w - 2 scrolls of blinking {unknown}
 y - a scroll of fog {unknown}
Potions
 k - 6 potions of curing {unknown}
 o - a potion of might {unknown}
 q - 2 potions of haste {unknown}
 B - a potion of cancellation {unknown}
Books
 c - a book of Changes

   Spells                             Type                      Level
   a - Beastly Appendage              Transmutation                1
   b - Sticks to Snakes               Transmutation                2
   c - Spider Form                    Transmutation/Poison         3
   d - Ice Form                       Ice/Transmutation            4
   e - Blade Hands                    Transmutation                5
Comestibles
 d - 5 bread rations
 j - 4 meat rations
 l - 4 fruits
 z - a slice of pizza


   Skills:
 - Level 1.0 Fighting
 + Level 4.8 Dodging
 * Level 7.3 Unarmed Combat
 - Level 2.0 Spellcasting
 - Level 1.7 Transmutations


You had 4 spell levels left.
You knew the following spells:

 Your Spells              Type           Power        Failure   Level  Hunger
a - Beastly Appendage     Trmt           #.....       14%         1    ##.....
b - Sticks to Snakes      Trmt           #.......     21%         2    ###....
c - Spider Form           Trmt/Pois      #.........   61%         3    ####...


Dungeon Overview and Level Annotations

Branches:
Dungeon (6/15)
 Temple: D:4-7

Altars:
Dithmenos
Gozag
Nemelex Xobeh
Trog


Innate Abilities, Weirdness & Mutations

You have hoof-like feet.
You are mostly covered in iridescent scales (AC +6).
A weak demonic guardian rushes to your aid.


Message History

You headbutt the wyvern zombie, but do no damage.
The wyvern zombie closely misses you.
You barely miss the wyvern zombie.
You kick the wyvern zombie, but do no damage.
You headbutt the wyvern zombie. You punch the wyvern zombie.
The wyvern zombie bites you but does no damage.
You punch the wyvern zombie! The wyvern zombie bites you!
You barely miss the wyvern zombie. You kick the wyvern zombie.
The wyvern zombie barely misses you.
You hit the wyvern zombie. You kick the wyvern zombie.
Your horns disappear.
The wyvern zombie bites you.
You hit the wyvern zombie. The wyvern zombie barely misses you.
The wyvern zombie closely misses you.
You hit the wyvern zombie.
You kick the wyvern zombie, but do no damage.
The wyvern zombie misses you.
You hit the wyvern zombie but do no damage.
The wyvern zombie bites you!
You die...

#.#.#.#.#
#...#
#.##.##.#
##.##
#.##.##.#
#(#
#.).....#
#.#
####.####
#.# #.#
##.## # #.#
##.).###
#.###.####.#
#.......
......Z@...#
##...###
############
##.## ###


You could see a wyvern zombie.

Vanquished Creatures
  A sky beast (D:5)
  An ice beast (D:5)
  An eye of draining (D:6)
  2 centaurs (D:5)
  A giant frog (D:6)
  A scorpion (D:5)
  A hound (D:4)
  2 orc wizards
  3 worker ants (D:5)
  2 gnolls (D:6)
  6 adders
  An adder skeleton (D:4)
  A worm (D:3)
  3 giant geckos
  14 orcs
  2 ball pythons (D:2)
  8 bats
  3 giant cockroaches
  8 goblins
  3 hobgoblins
  19 jackals
  5 kobolds
  A quokka (D:3)
  A ball python skeleton (D:5)
  7 giant newts
  A jackal skeleton (D:5)
  10 rats
108 creatures vanquished.

Vanquished Creatures (collateral kills)
  An ogre (D:5)
  A scorpion (D:6)
  An orc wizard (D:5)
  A worker ant (D:6)
  An orc (D:5)
5 creatures vanquished.

Grand Total: 113 creatures vanquished

Notes
Turn   | Place    | Note
--------------------------------------------------------------
     0 | D:1      | Oddball22 the Demonspawn Transmuter began the quest for the Orb.
     0 | D:1      | Reached XP level 1. HP: 15/15 MP: 3/3
   205 | D:1      | Reached skill level 3 in Unarmed Combat
   341 | D:1      | Gained mutation: You have large cloven feet. [demonic ancestry]
   341 | D:1      | Reached XP level 2. HP: 19/21 MP: 3/5
   935 | D:2      | Gained mutation: You are partially covered in iridescent scales (AC +4). [demonic ancestry]
   935 | D:2      | Reached XP level 3. HP: 23/26 MP: 4/6
  1657 | D:3      | Reached skill level 4 in Unarmed Combat
  1667 | D:3      | Gained mutation: You are mostly covered in iridescent scales (AC +6). [demonic ancestry]
  1667 | D:3      | Reached XP level 4. HP: 16/32 MP: 7/7
  2391 | D:3      | Learned a level 2 spell: Sticks to Snakes
  2395 | D:3      | Learned a level 3 spell: Spider Form
  2731 | D:4      | Found a shadowy altar of Dithmenos.
  2961 | D:4      | Found a bloodstained altar of Trog.
  3051 | D:4      | Gained mutation: You have hoof-like feet. [demonic ancestry]
  3051 | D:4      | Reached XP level 5. HP: 37/37 MP: 6/8
  3350 | D:5      | Entered Level 5 of the Dungeon
  3350 | D:5      | Noticed a centaur
  3361 | D:5      | Killed a centaur
  3361 | D:5      | Reached skill level 5 in Unarmed Combat
  3450 | D:5      | Gained mutation: A weak demonic guardian rushes to your aid. [demonic ancestry]
  3450 | D:5      | Reached XP level 6. HP: 15/43 MP: 9/9
  3483 | D:5      | HP: 2/43 [poisoned by a scorpion]
  3960 | D:5      | Noticed a sky beast
  3990 | D:5      | Killed a sky beast
  3990 | D:5      | Reached skill level 6 in Unarmed Combat
  4238 | D:5      | Reached XP level 7. HP: 48/48 MP: 8/10
  4868 | D:6      | Reached skill level 7 in Unarmed Combat
  4888 | D:6      | Found an opulent altar of Gozag.
  4888 | D:6      | Found a sparkling altar of Nemelex Xobeh.
  5335 | D:6      | Slain by a wyvern zombie

Vault maps used:
D:1:      dpeg_arrival_subterranean_lakeside_camping
D:2:      grunt_decor_fettered
D:3:      first_bread
D:4:      lightli_temple_of_fire, grunt_dithmenos_smoke_and_mirrors,
          grunt_decor_cap, serial_bayou_lagoon_b
D:6:      grunt_temple_overflow_opulence, kennysheep_mini, basic_altar

Action                   |  1- 3 |  4- 6 |  7- 9 || total
-------------------------+-------+-------+-------++-------
Melee: Unarmed           |   177 |   211 |    90 ||   478
 Cast: Beastly Appendage |    16 |    24 |    16 ||    56
       Spider Form       |       |     1 |       ||     1
 Stab: Sleeping          |     1 |       |       ||     1
  Eat: Chunk             |     2 |     9 |     4 ||    15
       Beef jerky        |       |     1 |       ||     1
